 Dungeon Crawl Stone Soup version 0.29.1-2-gbd0b4ee654 (webtiles) character file.

Game seed: 15973746596228449778

10 RatsInWalls the Chopper (level 2, 27/27 HPs)
             Began as a Hill Orc Monk on Nov 2, 2022.
             Quit the game on level 2 of the Dungeon on Nov 5, 2022.
             The game lasted 00:01:13 (541 turns).

RatsInWalls the Chopper (Hill Orc Monk)              Turns: 541, Time: 00:01:13

Health: 27/27      AC:  2    Str: 13    XL:     2   Next: 20%
Magic:  2/2        EV: 12    Int: 10    God:
Gold:   8          SH:  0    Dex: 13    Spells: 1/1 levels left

rFire   . . .      SeeInvis .   a - +0 hand axe
rCold   . . .      Faith    .   (no shield)
rNeg    . . .      Spirit   .   b - +0 robe
rPois   .          Reflect  .   (no helmet)
rElec   .          Harm     .   (no cloak)
rCorr   .          Rampage  .   (no gloves)
Will    .....                   (no boots)
Stlth   ++........              (no amulet)
HPRegen 0.09/turn               (no ring)
MPRegen 0.08/turn               (no ring)

@: no status effects
A: no striking features
a: no special abilities


You were on level 2 of the Dungeon.
You visited 1 branch of the dungeon, and saw 2 of its levels.

You collected 8 gold pieces.

Inventory:

Hand Weapons
 a - a +0 hand axe (weapon)
Missiles
 d - 11 stones (quivered)
Armour
 b - a +0 robe (worn)
Jewellery
 i - a ring of protection from fire
Scrolls
 e - a scroll of immolation {unknown}
 f - a scroll of identify {unknown}
 g - a scroll of enchant weapon {unknown}
Potions
 c - a potion of ambrosia
 h - a potion of heal wounds {unknown}


   Skills:
 + Level 3.9 Fighting
 + Level 4.3 Axes
 + Level 1.0 Armour
 - Level 2.4 Dodging
 - Level 1.5 Stealth


You had one spell level left.
You didn't know any spells.
Your spell library contained the following spells:

 Spells                   Type           Power      Damage    Failure   Level
 Ensorcelled Hibernation  Hex/Ice        0%         N/A       50%         2
 Spider Form              Tmut/Pois      0%         N/A       75%         3
 Anguish                  Hex/Necr       0%         N/A       98%         4


Dungeon Overview and Level Annotations

Branches:
Dungeon (1/15)

Altars:


Message History

The bat hits you but does no damage. The bat closely misses you.
You miss the bat. The bat hits you but does no damage.
You hit the bat.
You kill the bat!
You start resting.
HP restored.
Found a robe.
f - a scroll labelled ULOACOCKIS
Found a chain mail.
Found a stone staircase leading down.
A sourceless malevolence fills the Dungeon...
You fall into a shaft and drop 1 floor!
The shaft crumbles and collapses.
You open the door.
Found a scroll labelled KENLUO SA KIWN.
There is an open door here.
Found a silvery potion.
g - a scroll labelled KENLUO SA KIWN
h - a silvery potion You open the door.
There is an open door here.
d - 11 stones (gained 5)
A ball python comes into view.
The ball python bites you but does no damage.
The ball python grabs you. The ball python constricts you.
You hit the ball python.
The ball python is heavily wounded.
The ball python barely misses you. The ball python constricts you.
You closely miss the ball python.
The ball python is heavily wounded.
The ball python bites you but does no damage.
The ball python constricts you.
You slash the ball python!
You kill the ball python!
Your Armour skill increases to level 1!
i - a ring of protection from fire Save game and exit?
Welcome back, RatsInWalls the Hill Orc Monk.
Press ? for a list of commands and other information.
Are you sure you want to abandon this character and quit the game? (Confirm with "yes".)

#. #≈... #.. #≈..#
..##≈..# #.#....
#....# # ≈≈≈#....# .#
≈≈≈.....##.###.#
#.@....... ##.#.#####
#.# ### #.# ..# #.#
#.# #### #.# #.# ..#
#.###.### ####.#
#........ #.....
####...#.#######.#...


There were no monsters in sight!

Vanquished Creatures
  A ball python (D:2)
  2 bats (D:1)
  A hobgoblin (D:1)
  A frilled lizard (D:1)
  A kobold (D:1)
  6 rats (D:1)
12 creatures vanquished.

Notes
Turn   | Place    | Note
-------+----------+-------------------------------------------
     0 | D:1      | RatsInWalls the Hill Orc Monk began the quest for the Orb.
     0 | D:1      | Reached XP level 1. HP: 19/19 MP: 1/1
   241 | D:1      | Reached XP level 2. HP: 21/27 MP: 2/2
   482 | D:1      | You fall into a shaft and drop 1 floor!
   538 | D:2      | Reached skill level 1 in Armour
   541 | D:2      | Quit the game

Illustrated notes

Levels and vault maps discovered:
D:1:      dpeg_arrival_round_a, layout_rooms
D:2:      layout_loops_corners, hellmonk_ecumenical_altar_pennies_from_heaven,
          serial_shops, nicolae_lakefront_shop, grunt_decor_junction

Skill      XL: |  1  2 |
---------------+-------+-----
Armour         | 1 |  1.0
Fighting       | |  3.9
Axes           | |  4.3
Dodging        | |  2.4
Stealth        | |  1.5

Action                   || total
-------------------------++-------
Melee: Hand axe          ||    38
Armor: Robe              ||    12
Dodge: Dodged            ||    31
